 Dungeon Crawl Stone Soup version 0.31.0-4-g52a2dc7128 (webtiles) character file.

Game seed: 13475018908706082494

44 tevo3000 the Conjurer (level 3, 0/16 HPs)
             Began as a Vine Stalker Conjurer on Jan 22, 2024.
             Slain by Crazy Yiuf
             ... wielding a +2 quarterstaff of chaos
              (5 damage)
             ... on level 2 of the Dungeon.
             The game lasted 00:16:51 (2520 turns).

tevo3000 the Conjurer (Vine Stalker Conjurer)       Turns: 2520, Time: 00:16:52

Health: 0/16       AC:  5    Str:  9    XL:     3   Next: 60%
Magic:  0/7        EV: 26    Int: 20    God:
Gold:   115        SH:  0    Dex: 12    Spells: 4/7 levels left

rFire   . . .        (no weapon)
rCold   . . .        (no shield)
rNeg    + . .        i - +1 leather armour {rN+}
rPois   .            (no helmet)
rElec   .            (no cloak)
rCorr   .            c - +0 pair of gloves
SInv    .            (no boots)
Will    .....        d - amulet of the acrobat
Stlth   ++           (no ring)
HPRegen 1.02/turn    (no ring)
MPRegen 0.10/turn

%: acrobat, guardian spirit
@: mighty, acrobatic
A: fangs 2, regeneration 1, magic shield, antimagic bite, no potion heal 2
a: no special abilities


You were on level 2 of the Dungeon.
You visited 1 branch of the dungeon, and saw 2 of its levels.

You collected 115 gold pieces.

Inventory:

Armour
 a - a +0 robe
 c - a +0 pair of gloves (worn)
 e - a +0 plate armour
 i - a +1 leather armour of positive energy (worn)
Jewellery
 d - an amulet of the acrobat (around neck)
Scrolls
 f - a scroll of acquirement {unknown}
 g - a scroll of identify {unknown}
 j - a scroll of fear {unknown}
 l - a scroll of teleportation {unknown}
 m - a scroll of fog {unknown}
Potions
 b - a potion of magic
 h - 2 potions of enlightenment {unknown}
 k - a potion of mutation {unknown}


   Skills:
 + Level 2.0 Dodging
 + Level 3.1 Stealth
 + Level 2.6 Spellcasting
 * Level 4.5 Conjurations


You had 4 spell levels left.
You knew the following spells:

 Your Spells              Type           Power      Damage    Failure   Level
a - Magic Dart            Conj           80%        1d7       3%          1
b - Searing Ray           Conj           40%        2d5       4%          2

Your spell library contained the following spells:

 Spells                   Type           Power      Damage    Failure   Level
 Apportation              Tloc           4%         N/A       22%         1
 Dazzling Flash           Conj/Hex       22%        N/A       24%         3
 Ensorcelled Hibernation  Hex/Ice        4%         N/A       32%         2
 Jinxbite                 Hex            4%         N/A       32%         2
 Mephitic Cloud           Conj/Alch/Air  8%         N/A       34%         3
 Inner Flame              Hex/Fire       2%         N/A       54%         3
 Passwall                 Erth           2%         N/A       54%         3
 Swiftness                Air            2%         N/A       54%         3
 Fulminant Prism          Conj/Alch      5%         3d7       63%         4
 Iskenderun's Mystic Bla  Conj/Tloc      11%        2d4       63%         4
 Vhi's Electric Charge    Tloc/Air       4%         N/A       91%         4
 Arcjolt                  Conj/Air       5%         1d15      92%         5
 Irradiate                Conj/Alch      5%         3d13      92%         5
 Alistair's Intoxication  Alch           1%         N/A       99%         5
 Curse of Agony           Necr           2%         N/A       99%         5
 Silence                  Hex/Air        1%         N/A       99%         5
 Ignition                 Fire           1%         3d3       100%        8
 Maxwell's Capacitive Co  Air            1%         ∞         100%        8


Dungeon Overview and Level Annotations

Branches:
Dungeon (2/15)

Altars:

Annotations:
D:2 Crazy Yiuf


Innate Abilities, Weirdness & Mutations

You have extremely sharp teeth.
Your natural rate of healing is unusually fast.
When hurt, damage is shared between your health and your magic reserves.
Your bite disrupts and absorbs the magic of your enemies.
Potions cannot restore your health.


Message History

The fungus is lightly damaged.
A nearby fungus withers and dies.
Found a hammer.
Found a runed translucent door.
Crazy Yiuf shouts!
Press: ? - help, v - describe, . - travel
Here: Crazy Yiuf, wielding a +2 quarterstaff of chaos and wearing a +0 cloak (fire blocked by a runed translucent door)
The floor.
You open the door.
Crazy Yiuf grits, "Liver bag Hive!"
Crazy Yiuf grits, "Millenium!"
You see here a +0 hammer.
Crazy Yiuf attacks as he pursues you! Crazy Yiuf completely misses you.
Crazy Yiuf waves his quarterstaff at you.
Crazy Yiuf completely misses you.
Crazy Yiuf cries, "You leg down broken song, no?"
Crazy Yiuf hits you with a +2 quarterstaff of chaos!
Ouch! That really hurt!
You feel very mighty all of a sudden.
You see here 5 boomerangs.
Crazy Yiuf says, "Action mumblescurry poople!"
Crazy Yiuf yells, "Earwax arga chair!"
Crazy Yiuf attacks as he pursues you!
Crazy Yiuf hits you with a +2 quarterstaff of chaos!
Crazy Yiuf says, "Citrus!
Cholesterol hand pizzabubble."
Crazy Yiuf attacks as he pursues you!
Crazy Yiuf hits you with a +2 quarterstaff of chaos.
You are poisoned.
You feel sick.
You feel sick. Crazy Yiuf attacks as he pursues you!
Crazy Yiuf completely misses you.
You feel sick.
You feel sick. Crazy Yiuf attacks as he pursues you!
Crazy Yiuf barely misses you.
You feel sick.
You feel sick.
You feel sick.
You are no longer poisoned.
Crazy Yiuf attacks as he pursues you!
Crazy Yiuf hits you with a +2 quarterstaff of chaos.
You die...

....# #.#.##############.#
#.# ....# #(#.# #.# #.#
#'### #.#.####### #.# #.#
#.### #.#.#.....# #.# #.#
....# #.#.#.###.########.#
#.# #.#.# #.#.#.#
#..........# #.# #...#
#.#...# ############ #.#
#####
#.#######################.#
#.........@g...............
###########################
#


You could see Crazy Yiuf.

Vanquished Creatures
  An adder (D:2)
  An orc (D:2)
  7 bats
  2 giant cockroaches (D:1)
  2 goblins
  3 hobgoblins
  3 quokkas
  7 ball pythons
  A frilled lizard (D:2)
  3 kobolds
  3 rats
33 creatures vanquished.

Notes
Turn   | Place    | Note
-------+----------+-------------------------------------------
     0 | D:1      | tevo3000 the Vine Stalker Conjurer began the quest for the
                  | Orb.
     0 | D:1      | Reached XP level 1. HP: 9/9 MP: 4/4
     2 | D:1      | Noticed a formicid
     2 | D:1      | Noticed a draconian
     4 | D:1      | Noticed a demonspawn
    10 | D:1      | Noticed a vampire
    18 | D:1      | Noticed a naga
    18 | D:1      | Noticed an elf
    21 | D:1      | Noticed a djinni
    21 | D:1      | Noticed a demigod
    23 | D:1      | Noticed a human
    23 | D:1      | Noticed a ghoul
    25 | D:1      | Noticed a minotaur
    25 | D:1      | Noticed a spriggan
    29 | D:1      | Noticed a tengu
    29 | D:1      | Noticed an armataur
    31 | D:1      | Noticed a vine stalker
    31 | D:1      | Noticed an octopode
    33 | D:1      | Noticed a troll
    33 | D:1      | Noticed a merfolk
    35 | D:1      | Noticed a gargoyle
    35 | D:1      | Noticed an oni
    37 | D:1      | Noticed a barachi
    39 | D:1      | Noticed a felid
   282 | D:1      | Reached XP level 2. HP: 13/13 MP: 4/6
   855 | D:1      | Learned a level 2 spell: Searing Ray
  1374 | D:2      | Reached XP level 3. HP: 16/16 MP: 2/7
  2481 | D:2      | Found a runed translucent door.
  2482 | D:2      | Noticed Crazy Yiuf
  2520 | D:2      | Slain by Crazy Yiuf

Illustrated notes

Levels and vault maps discovered:
D:1:      kb_arrival_jail, layout_basic, hex_medium
D:2:      minmay_general_purpose_star, layout_basic, hex_large,
          minmay_split_cup_large, uniq_crazy_yiuf_cottage

Skill      XL: |  1  2  3 |
---------------+----------+-----
Stealth        | 3 |  3.1
Dodging        | 2 |  2.0
Spellcasting   | |  2.6
Conjurations   | |  4.5

Action                     || total
---------------------------++-------
  Melee: Unarmed           ||    26
         Bite              ||    12
   Cast: Magic Dart        ||    60
 Armour: Robe              ||    14
         Leather armour    ||     8
  Dodge: Dodged            ||    18
